 Dungeon Crawl Stone Soup version 0.21.0 (webtiles) character file.

47 Kalarin the Shield-Bearer (level 3, 0/26 HPs)
             Began as a Halfling Fighter on June 9, 2018.
             Succumbed to an adder's poison
             ... on level 2 of the Dungeon.
             The game lasted 00:12:05 (1140 turns).

Kalarin the Shield-Bearer (Halfling Fighter)        Turns: 1140, Time: 00:12:06

Health: 0/26       AC:  6    Str: 18    XL:     3   Next: 97%
Magic:  3/3        EV:  9    Int:  6    God:
Gold:   41         SH:  9    Dex: 13    Spells: 2/2 levels left

rFire    . . .     SeeInvis .   r - +3 short sword (drain)
rCold    . . .     Gourm    .   c - +0 shield
rNeg     . . .     Faith    .   b - +0 scale mail
rPois    .         Spirit   .   (no helmet)
rElec    .         Reflect  .   (no cloak)
rCorr    .         Harm     .   (no gloves)
MR       .....                  (no boots)
Stlth    ..........             (no amulet)
HPRegen  0.08/turn              (no ring)
MPRegen  0.08/turn              (no ring)

@: lethally poisoned (0 -> -4), drained
A: small, mutation resistance 1
a: no special abilities


You were on level 2 of the Dungeon.
You were not hungry.

You visited 1 branch of the dungeon, and saw 2 of its levels.

You collected 41 gold pieces.

Inventory:

Hand Weapons
 a - a +0 long sword
 j - a +0 club
 l - a +0 club
 n - a +0 dagger
 q - a +0 club
 r - a +3 short sword of draining (weapon)
 t - a +0 club
 x - a +0 dagger
 y - a +0 short sword
Missiles
 s - 25 arrows
 u - 12 stones (quivered)
 z - 18 bolts
 B - 18 sling bullets
Armour
 b - a +0 scale mail (worn)
 c - a +0 shield (worn)
 h - a +0 robe
 m - a +0 ring mail
Jewellery
 A - a +3 ring of intelligence {unknown}
Scrolls
 i - a scroll of identify {unknown}
 v - a scroll of enchant armour {unknown}
 w - 2 scrolls of teleportation {unknown}
Potions
 d - a potion of might
 e - a potion of flight {unknown}
 g - a potion of agility {unknown}
 k - a potion of magic {unknown}
 o - a potion of cancellation {unknown}
 p - a potion of mutation {unknown}
Comestibles
 f - 2 rations


   Skills:
 + Level 3.0(2.5) Fighting
 + Level 2.7(2.2) Long Blades
 + Level 3.6(3.1) Armour
 + Level 0.2(0.0) Dodging
 + Level 0.2(0.0) Stealth
 + Level 3.8(3.2) Shields


You had 2 spell levels left.
You didn't know any spells.

Dungeon Overview and Level Annotations

Branches:
Dungeon (2/15)

Altars:


Innate Abilities, Weirdness & Mutations

You are small and have problems with some larger weapons.
You are somewhat resistant to further mutation.


Message History

You puncture the adder! You drain the adder!
You kill the adder!
Your base Fighting skill increases to level 3!
You feel sick.
The goblin unwields an uncursed hunting sling.
The goblin hits you.
* * * LOW HITPOINT WARNING * * *
The adder bites you.
* * * LOW HITPOINT WARNING * * *
The adder bites you.
* * * LOW HITPOINT WARNING * * *
You closely miss the adder.
The adder is severely wounded.
You block the adder's attack. The goblin closely misses you.
The adder completely misses you.
You hit the adder.
You kill the adder!
The adder bites you but does no damage. You block the goblin's attack.
You block the adder's attack.
You die...

....#.#......
.<..#.........
...=?......#.#
....#......#.#
...#.........###
...............##
#.............
...#...(gS.......
........@.#....
.......#### .
....... .......
...#... ......#
...... .....


You could see an adder and a goblin.

Vanquished Creatures
  3 adders (D:2)
  A dart slug (D:1)
  3 bats (D:1)
  2 hobgoblins (D:1)
  2 frilled lizards (D:1)
  3 goblins (D:1)
  2 kobolds (D:1)
  4 rats (D:1)
20 creatures vanquished.

Notes
Turn   | Place    | Note
-------+----------+-------------------------------------------
     0 | D:1      | Kalarin the Halfling Fighter began the quest for the Orb.
     0 | D:1      | Reached XP level 1. HP: 15/15 MP: 1/1
   203 | D:1      | Reached XP level 2. HP: 15/20 MP: 2/2
  1135 | D:2      | Reached XP level 3. HP: 14/25 MP: 3/3
  1137 | D:2      | HP: 1/26 [adder (2)]
  1140 | D:2      | Succumbed to an adder's poison

Skill      XL: |  1  2  3 |
---------------+----------+-----
Fighting       | 3 |  3.0
Long Blades    | |  2.7
Armour         | |  3.6
Dodging        | |  0.2
Stealth        | |  0.2
Shields        | |  3.8

Action                   || total
-------------------------++-------
Melee: Long sword        ||    50
       Short sword       ||    13
  Eat: Ration            ||     1
Armor: Scale mail        ||    35
Dodge: Dodged            ||    28
Block: Shield            ||    47
       Rpst.: Long sword ||     4
